[Event "ICCopen2017"]
[Site "Internet Chess Club"]
[Date "2017.03.25"]
[Round "4"]
[White "BronStorm"]
[Black "CIROVICZCHESS"]
[Result "1-0"]
[ICCResult "Black checkmated"]
[WhiteElo "1872"]
[BlackElo "1528"]
[Opening "Scotch game"]
[ECO "C45"]
[NIC "SO.04"]
[Time "14:39:58"]
[TimeControl "180+0"]

1. e4 e5 2. Nf3 Nc6 3. d4 exd4 4. Nxd4 Nxd4 5. Qxd4 Qf6 6. e5 Qb6 7. Qxb6
axb6 8. Nc3 d6 9. Nb5 Kd7 10. exd6 Bxd6 11. Nxd6 cxd6 12. Bc4 f6 13. Be3 Kc7
14. O-O-O Ne7 15. Rd3 d5 16. Bb3 Be6 17. Bf4+ Kc6 18. Re1 Kd7 19. Rde3 Ng6
20. Rxe6 Nxf4 21. Rxb6 Kc7 22. Rb4 g5 23. g3 Nh3 24. Bxd5 b6 25. Bxa8 Rxa8
26. Re7+ Kd6 27. Rxh7 Nxf2 28. Rxb6+ Kc5 29. Rxf6 Ne4 30. Rf5+ Kd6 31. Rh6+
Kd7 32. Rd5+ Kc7 33. Re5 Nf2 34. Re7+ Kd8 35. Rf7 Ke8 36. Rxf2 Rxa2 37. Kb1
Ra6 38. Rxa6 Ke7 39. Rff6 g4 40. Rfb6 Kd7 41. Rb7+ Kc8 42. Rg7 Kb8 43. Rh6
Ka8 44. Rh8# {Black checkmated} 1-0

[Event "ICCopen2017"]
[Site "Internet Chess Club"]
[Date "2017.03.25"]
[Round "4"]
[White "Eliezer"]
[Black "julkat-ch"]
[Result "0-1"]
[ICCResult "White forfeits on time"]
[WhiteElo "1567"]
[BlackElo "1833"]
[Opening "Sicilian defense"]
[ECO "B40"]
[NIC "SI.43"]
[Time "14:38:42"]
[TimeControl "180+0"]

1. e4 c5 2. Nf3 e6 3. e5 d5 4. exd6 Bxd6 5. Bb5+ Bd7 6. Bxd7+ Qxd7 7. O-O
Nc6 8. d3 Nf6 9. Nc3 h6 10. Re1 O-O 11. Ne2 Rad8 12. b3 Nd5 13. h3 Qe7 14.
Be3 Nxe3 15. fxe3 e5 16. e4 Nd4 17. Nexd4 exd4 18. Kh1 Bb8 19. Qe2 Rfe8 20.
Rf1 Qd6 21. e5 Qe6 22. Rae1 f6 23. Nh2 fxe5 24. Ng4 Qd6 25. Qe4 Rd7 26. Rf3
Rde7 27. Ref1 Qc6 28. a4 Qxe4 29. dxe4 b6 30. Nf2 a6 31. Nd3 Bd6 32. g4 b5
33. axb5 axb5 34. Kg2 c4 35. bxc4 bxc4 36. Ne1 Ra7 37. R3f2 Bc5 38. Nf3 d3
39. Rd2 Be3 40. cxd3 Bxd2 41. Nxd2 cxd3 42. Rd1 Ra2 43. Kf3 Rd8 44. Ke3 Kf7
45. Rf1+ Ke6 46. h4 Rb8 47. g5 hxg5 48. hxg5 Rbb2 49. Rf2 Rxd2 50. Rxd2 Rxd2
51. Kxd2 Kf7 52. Kxd3 Kg6 53. Kc4 Kxg5 54. Kd5 Kf4 55. Ke6 g5 56. Kf6 g4 57.
Ke6 g3 58. Kd5 g2 59. Ke6 g1=Q 60. Kd5 Qd4+ 61. Ke6 Kxe4 62. Kf6 Kf4 63. Ke6
e4 64. Ke7 Qc5+ 65. Ke6 e3 66. Kf6 e2 67. Ke6 Qe5+ 68. Kd7 e1=Q 69. Kc6 Qd2
70. Kb6 Qec3 71. Kb5 Qdb2+ {White forfeits on time} 0-1

[Event "ICCopen2017"]
[Site "Internet Chess Club"]
[Date "2017.03.25"]
[Round "4"]
[White "presbyter4"]
[Black "Lavrik87"]
[Result "0-1"]
[ICCResult "White forfeits on time"]
[WhiteElo "1776"]
[BlackElo "2022"]
[Opening "King's Indian: Torre attack"]
[ECO "A48"]
[NIC "QP.01"]
[Time "14:39:18"]
[TimeControl "180+0"]

1. d4 Nf6 2. Nf3 g6 3. Bg5 Bg7 4. Nbd2 O-O 5. e3 d6 6. Be2 Nbd7 7. O-O e5 8.
Bd3 Qe7 9. Ne4 h6 10. dxe5 dxe5 11. Bh4 g5 12. Nfxg5 Nxe4 13. Bxe4 hxg5 14.
Qh5 Nf6 15. Bxg5 Nxh5 16. Bxe7 Re8 17. Ba3 Nf6 18. Bd3 e4 19. Bc4 Be6 20.
Bxe6 Rxe6 21. Rad1 c6 22. Bb4 Nd5 23. Ba3 b5 24. b4 a5 25. bxa5 Rxa5 26. Bc5
Rxa2 27. Rd2 Bc3 28. Re2 b4 29. Rb1 Be5 30. g3 Nc3 31. Ree1 Nxb1 32. Rxb1
Ra1 33. Rxa1 Bxa1 34. Bxb4 Re5 35. c3 c5 36. Ba5 c4 37. Bb4 Rd5 38. Kg2 Rd3
39. g4 Bxc3 40. Bc5 Be5 41. h4 c3 42. Ba3 c2 43. g5 Rxa3 44. Kh3 c1=Q 45.
Kg4 Qg1+ 46. Kf5 Qxf2+ 47. Kxe4 Rxe3+ 48. Kd5 Qd2+ 49. Kc5 Rc3+ 50. Kb5 Qb2+
{White forfeits on time}
0-1

[Event "ICCopen2017"]
[Site "Internet Chess Club"]
[Date "2017.03.25"]
[Round "4"]
[White "egya"]
[Black "Heian"]
[Result "1-0"]
[ICCResult "Black forfeits on time"]
[WhiteElo "1796"]
[BlackElo "1473"]
[Opening "Nimzovich-Larsen attack: classical variation"]
[ECO "A01"]
[NIC "VO.08"]
[Time "14:39:04"]
[TimeControl "180+0"]

1. b3 d5 2. Bb2 e6 3. e3 f5 4. f4 Nf6 5. Nf3 Bd6 6. a3 O-O 7. h3 Nbd7 8. Be2
Qe7 9. O-O e5 10. fxe5 Nxe5 11. Nd4 Ne4 12. Nb5 c6 13. Nxd6 Nxd6 14. Qe1 Ne4
15. d3 Nd6 16. Qg3 Ng6 17. Bh5 Qe8 18. Qxd6 Qxe3+ 19. Kh1 Be6 20. Nc3 f4 21.
Nd1 Qg3 22. Qxe6+ Kh8 23. Bxg6 hxg6 24. Qg4 Qxg4 25. hxg4 Kg8 26. Nf2 g5 27.
Nh3 Kf7 28. Nxg5+ Kg6 29. Ne6 Rh8+ 30. Kg1 Rae8 31. Nxf4+ Kg5 32. g3 Kxg4
33. Bxg7 Rh7 34. Bd4 b6 35. Rae1 Rxe1 36. Rxe1 Kxg3 37. Ne2+ Kg4 38. Bf2 c5
39. Ng3 d4 40. Re4+ Kf3 41. Re6 Rh3 42. Rf6+ Kg4 43. Ne4 Rh8 44. Rg6+ Kf4
45. Rf6+ Kg4 46. Rg6+ Kf4 47. Rg7 {Black forfeits on time} 1-0

[Event "ICCopen2017"]
[Site "Internet Chess Club"]
[Date "2017.03.25"]
[Round "4"]
[White "grancaruso"]
[Black "Nos"]
[Result "0-1"]
[ICCResult "White forfeits on time"]
[WhiteElo "1811"]
[BlackElo "2156"]
[Opening "King's Indian: Petrosian system, Stein variation"]
[ECO "E92"]
[NIC "KI.17"]
[Time "14:39:55"]
[TimeControl "180+0"]

1. Nf3 Nf6 2. c4 g6 3. Nc3 Bg7 4. e4 d6 5. d4 O-O 6. Be2 e5 7. d5 a5 8. Bg5
h6 9. Bh4 g5 10. Bg3 Nh5 11. h4 g4 12. Nh2 Nxg3 13. fxg3 h5 14. O-O Bh6 15.
Bd3 Na6 16. Qe2 Nc5 17. Bc2 c6 18. Rf2 Kg7 19. Nf1 Qb6 20. Kh2 Bd7 21. Rb1
f6 22. Ne3 Nxe4 23. Nf5+ Bxf5 24. Rxf5 Nxg3 25. Kxg3 Bf4+ 26. Rxf4 exf4+ 27.
Kxf4 Rae8 28. Qd2 Re5 29. Kg3 Qe3+ 30. Qxe3 Rxe3+ 31. Kf4 Rfe8 32. Ne4 Re2
33. Bd3 Rxg2 34. dxc6 bxc6 35. Nxd6 Re5 36. Nf5+ Kf8 37. Ne3 Rf2+ 38. Kg3
Rf3+ 39. Kg2 Rexe3 40. Bg6 Re2+ 41. Kg1 Rff2 42. Bxh5 Rg2+ 43. Kh1 Rh2+ 44.
Kg1 Reg2+ 45. Kf1 g3 {White forfeits on time} 0-1

[Event "ICCopen2017"]
[Site "Internet Chess Club"]
[Date "2017.03.25"]
[Round "4"]
[White "P10"]
[Black "livis"]
[Result "0-1"]
[ICCResult "White forfeits on time"]
[WhiteElo "1525"]
[BlackElo "1867"]
[Opening "French: advance, Euwe variation"]
[ECO "C02"]
[NIC "FR.03"]
[Time "14:40:18"]
[TimeControl "180+0"]

1. e4 e6 2. d4 d5 3. e5 c5 4. c3 Nc6 5. Nf3 Bd7 6. Bd3 Nge7 7. O-O Ng6 8.
Re1 Be7 9. a3 O-O 10. Bc2 Qc7 11. Nbd2 b5 12. Nf1 a5 13. Bg5 Bxg5 14. Nxg5
Qd8 15. Qh5 h6 16. Nf3 cxd4 17. cxd4 Nge7 18. h3 Nf5 19. N1h2 Ncxd4 20. Nxd4
Nxd4 21. Bd3 Nf5 22. g4 Nh4 23. Kh1 Qg5 24. Rg1 Rac8 25. Raf1 g6 26. Qxg5
hxg5 27. f4 gxf4 28. Rxf4 Kg7 29. Rgf1 b4 30. axb4 axb4 31. Rxb4 Rb8 32.
Rxb8 Rxb8 33. Rf2 Rb3 34. Bc2 Rxh3 35. Kg1 Bb5 {White forfeits on time} 0-1

[Event "ICCopen2017"]
[Site "Internet Chess Club"]
[Date "2017.03.25"]
[Round "4"]
[White "justinchess"]
[Black "Revolutions"]
[Result "1-0"]
[ICCResult "Black checkmated"]
[WhiteElo "2276"]
[BlackElo "1801"]
[Opening "King's Indian, 3.Nf3"]
[ECO "E61"]
[NIC "KI.75"]
[Time "14:39:57"]
[TimeControl "180+0"]

1. d4 Nf6 2. Nf3 g6 3. c4 Bg7 4. Nc3 O-O 5. g3 c6 6. Bg2 d6 7. O-O Bg4 8. h3
Bf5 9. Nh4 Be6 10. b3 Na6 11. e4 Qa5 12. Bb2 Qh5 13. Qxh5 Nxh5 14. Rad1 Nb4
15. a3 Na6 16. Kh2 Rab8 17. f4 Nc7 18. g4 Nf6 19. f5 Bd7 20. e5 Nfe8 21.
Rfe1 g5 22. Nf3 e6 23. f6 Bh6 24. Bc1 b5 25. c5 dxc5 26. dxc5 Nd5 27. Nxd5
exd5 28. h4 Bxg4 29. hxg5 Bg7 30. Kg3 Bxf3 31. Bxf3 Bh8 32. Bg4 Nc7 33. Bf4
Rfe8 34. e6 Nxe6 35. Bxb8 Rxb8 36. Bxe6 fxe6 37. Rxe6 Kf7 38. Rde1 h6 39.
Kg4 hxg5 40. Kf5 g4 41. Rh1 g3 42. Re7+ Kg8 43. Rg1 Kf8 44. Rxg3 d4 45. Rh3
Bxf6 46. Kxf6 Kg8 47. Rg7+ Kf8 48. Rh8# {Black checkmated} 1-0

[Event "ICCopen2017"]
[Site "Internet Chess Club"]
[Date "2017.03.25"]
[Round "4"]
[White "habishek"]
[Black "toll"]
[Result "0-1"]
[ICCResult "White checkmated"]
[WhiteElo "1051"]
[BlackElo "1648"]
[Opening "KP: Indian opening"]
[ECO "C20"]
[NIC "KP.10"]
[Time "14:40:10"]
[TimeControl "180+0"]

1. e4 e5 2. d3 c6 3. Nf3 Qc7 4. Be2 d5 5. exd5 cxd5 6. O-O Bd6 7. Re1 Ne7 8.
Bd2 O-O 9. Bc3 Ng6 10. Nbd2 Nc6 11. a3 h6 12. h3 Be6 13. d4 e4 14. Ne5 Ncxe5
15. dxe5 Nxe5 16. Bxe5 Bxe5 17. c3 f5 18. Nb3 f4 19. Qd2 f3 20. gxf3 exf3
21. Bxf3 Bh2+ 22. Kf1 Bxh3+ 23. Ke2 Rae8+ 24. Kd1 Rxe1+ 25. Kxe1 Rxf3 26.
Qxd5+ Qf7 27. Qd8+ Kh7 28. Nd4 Rxf2 29. Qh4 Rf1+ 30. Kd2 Bf4+ 31. Kc2 Bf5+
32. Nxf5 Qxf5+ 33. Kb3 Rxa1 34. Qf2 a5 35. Qa7 Qb5+ 36. Kc2 Rc1#
{White checkmated}
0-1

[Event "ICCopen2017"]
[Site "Internet Chess Club"]
[Date "2017.03.25"]
[Round "4"]
[White "xvs"]
[Black "Kandor"]
[Result "1-0"]
[ICCResult "Black checkmated"]
[WhiteElo "1604"]
[BlackElo "1134"]
[Opening "French: Marshall variation"]
[ECO "C10"]
[NIC "FR.04"]
[Time "14:40:27"]
[TimeControl "180+0"]

1. d4 e6 2. e4 d5 3. Nc3 c5 4. exd5 exd5 5. Bb5+ Nc6 6. Qe2+ Qe7 7. dxc5
Qxe2+ 8. Ngxe2 Bxc5 9. Nxd5 Kd8 10. O-O Nge7 11. Rd1 a6 12. Ba4 Ke8 13. Bg5
f6 14. Bh4 Kf7 15. h3 Rd8 16. Bb3 b5 17. Nc7+ Kg6 18. Nxa8 Bb7 19. Rxd8 Nxd8
20. Nc7 a5 21. a3 a4 22. Ba2 Bd6 23. Ne6 Ndc6 24. Nc3 Ne5 25. Bg3 Nd7 26.
Bxd6 Nf5 27. Bf4 Nh4 28. g4 Kf7 29. Nd8+ Ke7 30. Nxb7 Nf8 31. Bd6+ Ke8 32.
Rd1 Nfg6 33. Nxb5 Kd7 34. Bd5 Kc8 35. Nc5 Kd8 36. Bc6 Nf3+ 37. Bxf3 Nf8 38.
Bc6 Ne6 39. Nxe6+ Kc8 40. Bc7 g5 41. Rd8# {Black checkmated} 1-0

[Event "ICCopen2017"]
[Site "Internet Chess Club"]
[Date "2017.03.25"]
[Round "4"]
[White "ROWLAND"]
[Black "motipen"]
[Result "0-1"]
[ICCResult "White checkmated"]
[WhiteElo "1481"]
[BlackElo "1799"]
[Opening "Pirc defense"]
[ECO "B07"]
[NIC "PU.07"]
[Time "14:40:24"]
[TimeControl "180+0"]

1. e4 d6 2. d4 Nf6 3. Nc3 g6 4. Be3 c6 5. f3 b5 6. a3 Nbd7 7. Qd2 Rb8 8. Nh3
Nb6 9. Nf2 Nc4 10. Bxc4 bxc4 11. Rb1 Qa5 12. O-O Bg7 13. Nd5 Qxd2 14. Nxf6+
Bxf6 15. Bxd2 Bxd4 16. c3 Bg7 17. Rfe1 O-O 18. f4 Bd7 19. Be3 a6 20. Bd4 Rb5
21. Bxg7 Kxg7 22. e5 d5 23. Nd1 Bf5 24. Rc1 Rfb8 25. Re2 Bg4 26. Rf2 Bxd1
27. Rxd1 Rxb2 28. Rxb2 Rxb2 29. Re1 Rb3 30. e6 f5 31. Kf2 Rxc3 32. Rb1 Rb3
33. Ra1 Kf6 34. g3 Kxe6 35. Re1+ Kd6 36. Re3 Rxe3 37. Kxe3 c5 38. Kd2 d4 39.
Kc2 e5 40. fxe5+ Kxe5 41. Kd2 Ke4 42. Ke2 c3 43. a4 c4 44. a5 d3+ 45. Kd1
Ke3 46. Ke1 c2 47. Kf1 c1=Q+ 48. Kg2 Qd2+ 49. Kh3 Qe2 50. g4 Qxg4#
{White checkmated}
0-1

[Event "ICCopen2017"]
[Site "Internet Chess Club"]
[Date "2017.03.25"]
[Round "4"]
[White "ComeonJimtal"]
[Black "tolialuisan"]
[Result "0-1"]
[ICCResult "White checkmated"]
[WhiteElo "1713"]
[BlackElo "1527"]
[Opening "French defense"]
[ECO "C00"]
[NIC "FR.01"]
[Time "14:39:21"]
[TimeControl "180+0"]

1. e4 e6 2. b4 d5 3. e5 Bxb4 4. c3 Ba5 5. d4 Ne7 6. Nf3 c5 7. Bd3 cxd4 8.
Nxd4 Nbc6 9. O-O Nxe5 10. Bc2 O-O 11. f4 N5g6 12. Ba3 Re8 13. Kh1 Bc7 14.
Qd3 f5 15. Qg3 Nc6 16. Nd2 Nxd4 17. cxd4 Qf6 18. Bb2 Bd7 19. Rae1 Rac8 20.
Bb1 Bb5 21. Rf2 Ba5 22. Rd1 Ba4 23. Rg1 Rc6 24. Nf3 Rec8 25. Ne5 Nxe5 26.
fxe5 Qg6 27. Qf4 Bc3 28. Ba3 Rc4 29. Rf3 Rxd4 30. Qh4 Rxh4 31. Rg3 Qh5 32.
h3 Bxe5 33. Rd3 Rc3 34. Rxc3 Bxc3 35. Rc1 Rxh3+ 36. gxh3 Qxh3+ 37. Kg1 Bd4#
{White checkmated}
0-1

[Event "ICCopen2017"]
[Site "Internet Chess Club"]
[Date "2017.03.25"]
[Round "4"]
[White "TrendFriend"]
[Black "chess222"]
[Result "1-0"]
[ICCResult "Black forfeits on time"]
[WhiteElo "2383"]
[BlackElo "1851"]
[Opening "Caro-Kann: Panov-Botvinnik attack, 5...e6"]
[ECO "B14"]
[NIC "CK.02"]
[Time "14:39:12"]
[TimeControl "180+0"]

1. e4 c6 2. d4 d5 3. exd5 cxd5 4. c4 e6 5. Nc3 Nf6 6. Nf3 Be7 7. a3 O-O 8.
c5 Nc6 9. Bd3 b6 10. b4 bxc5 11. bxc5 a5 12. Qe2 Re8 13. O-O Bb7 14. Bf4 Nh5
15. Bd2 g6 16. Bb5 Bf6 17. Bxc6 Bxc6 18. Ne5 Qc7 19. Rfe1 Ng7 20. Bf4 Qc8
21. Red1 Nh5 22. Bd2 Rb8 23. Rab1 Rxb1 24. Rxb1 Qc7 25. Nf3 Ng7 26. g3 Nf5
27. Bf4 Qc8 28. Qd2 Qa6 29. Rb6 Qa8 30. Be5 Bxe5 31. Nxe5 Rc8 32. Ne2 Kg7
33. Nf4 Ne7 34. Qb2 a4 35. h4 Qa5 36. Kg2 Qe1 37. Qe2 Qc1 38. Qf3 Nf5 39.
Nxc6 Nxd4 40. Nxd4 Rxc5 41. Nfxe6+ fxe6 42. Nxe6+ Kh6 43. Qf8+ Kh5 44. Nf4+
{Black forfeits on time}
1-0

[Event "ICCopen2017"]
[Site "Internet Chess Club"]
[Date "2017.03.25"]
[Round "4"]
[White "ramezsamir"]
[Black "GYMEJR"]
[Result "1-0"]
[ICCResult "Black forfeits on time"]
[WhiteElo "1939"]
[BlackElo "1552"]
[Opening "Queen's pawn game"]
[ECO "D02"]
[NIC "QP.08"]
[Time "14:38:52"]
[TimeControl "180+0"]

1. d4 d5 2. Nf3 c6 3. e3 Bg4 4. c4 e6 5. Qb3 Bxf3 6. Qxb7 Bxg2 7. Bxg2 Nd7
8. Qb3 Rb8 9. Qc2 Ngf6 10. Nc3 Bb4 11. Bd2 Bxc3 12. bxc3 Qb6 13. cxd5 cxd5
14. c4 Qb2 15. Qxb2 Rxb2 16. c5 Nb8 17. Ke2 Kd7 18. Rhb1 Rxb1 19. Rxb1 Kc6
20. f3 Nbd7 21. e4 Rb8 22. Rxb8 Nxb8 23. Kd3 Nbd7 24. Bg5 h6 25. Bf4 g5 26.
Bd2 Nh5 27. exd5+ exd5 28. Bh3 Ndf6 29. Bc8 Nf4+ 30. Bxf4 gxf4 31. a4 Ne8
32. Ba6 Nf6 33. Bb5+ Kc7 34. Kc3 a5 35. Bf1 Nh5 36. Bh3 Nf6 37. Bf5 Kc6 38.
Kd2 Kc7 39. Ke2 Kc6 40. Kf2 h5 41. Kg2 h4 42. Kh3 Ne8 43. Kxh4 Nc7 44. Kg4
Na6 45. h4 Nb4 46. h5 Kc7 47. h6 Nc6 48. h7 Nxd4 49. h8=Q
{Black forfeits on time}
1-0

[Event "ICCopen2017"]
[Site "Internet Chess Club"]
[Date "2017.03.25"]
[Round "4"]
[White "BUHO64"]
[Black "VrloJakMK"]
[Result "1-0"]
[ICCResult "Black checkmated"]
[WhiteElo "1930"]
[BlackElo "2043"]
[Opening "French: Winawer (Nimzovich) variation"]
[ECO "C15"]
[NIC "FR.08"]
[Time "14:39:09"]
[TimeControl "180+0"]

1. e4 e6 2. d4 d5 3. Nc3 Bb4 4. a3 Bxc3+ 5. bxc3 dxe4 6. f3 exf3 7. Nxf3 Nf6
8. Bd3 Nc6 9. O-O h6 10. Qe1 b6 11. Qg3 Kf8 12. Ne5 Bb7 13. a4 a5 14. Ba3+
Kg8 15. Rae1 Nb8 16. Nxf7 Kxf7 17. Qg6+ Kg8 18. Rxe6 Nbd7 19. Re7 Rh7 20.
Rxd7 Qxd7 21. Rxf6 Rh8 22. Bc4+ Bd5 23. Rd6 Qxd6 24. Bxd6 Bxc4 25. Be5 Rh7
26. Qc6 Rf8 27. Qxc4+ Kh8 28. Qxc7 h5 29. Qe7 Rg8 30. d5 Rh6 31. d6 Kh7 32.
d7 Rg6 33. d8=Q Rxd8 34. Qxd8 Re6 35. Qd3+ Kg8 36. Qd5 Kf7 37. Qd7+ Re7 38.
Qf5+ Kg8 39. Bd6 Rf7 40. Qg6 Rf6 41. Qe8+ Kh7 42. Qxh5+ Rh6 43. Qf5+ Kg8 44.
Qf8+ Kh7 45. Qf5+ Kg8 46. Qf8+ Kh7 47. Be5 Rg6 48. Qf5 Kh6 49. h4 b5 50.
Bf4+ Kh7 51. h5 Kg8 52. Qxg6 bxa4 53. Be5 Kf8 54. Qxg7+ Ke8 55. h6 Kd8 56.
h7 Kc8 57. h8=Q# {Black checkmated} 1-0

[Event "ICCopen2017"]
[Site "Internet Chess Club"]
[Date "2017.03.25"]
[Round "4"]
[White "zealous"]
[Black "jps7"]
[Result "1-0"]
[ICCResult "Black checkmated"]
[WhiteElo "1688"]
[BlackElo "1483"]
[Opening "Queen's pawn, Mason variation"]
[ECO "D00"]
[NIC "QP.08"]
[Time "14:38:53"]
[TimeControl "180+0"]

1. d4 d5 2. Bf4 e6 3. e3 Nf6 4. Nf3 Bd6 5. Bg3 Bxg3 6. hxg3 h6 7. c3 b6 8.
Nbd2 Bb7 9. Bd3 Nbd7 10. Rc1 Rc8 11. Bb1 c5 12. O-O Ne4 13. Qe2 f5 14. Ne5
Nxe5 15. dxe5 c4 16. Rfd1 O-O 17. Nxe4 fxe4 18. Bxe4 Qg5 19. Bb1 Qxe5 20.
Qc2 Qf6 21. Qh7+ Kf7 22. Rd4 e5 23. Rg4 Rc7 24. Rg6 Qxg6 25. Qxg6+ Kg8 26.
Qe6+ Rff7 27. Bg6 Re7 28. Bxf7+ Rxf7 29. Qxe5 Kh7 30. Rd1 g6 31. Rxd5 Bxd5
32. Qxd5 Kg7 33. Qxc4 h5 34. Qd4+ Kh7 35. c4 Rc7 36. b4 Rg7 37. c5 bxc5 38.
bxc5 Rb7 39. c6 Rb1+ 40. Kh2 Rc1 41. Qd7+ Kh6 42. c7 Rc2 43. c8=Q Rxc8 44.
Qxc8 a5 45. Qf8+ Kh7 46. e4 a4 47. e5 a3 48. e6 g5 49. e7 h4 50. e8=Q hxg3+
51. Kh3 g4+ 52. Kxg4 gxf2 53. Qff7+ Kh6 54. Qh8# {Black checkmated} 1-0

[Event "ICCopen2017"]
[Site "Internet Chess Club"]
[Date "2017.03.25"]
[Round "4"]
[White "HangMySack"]
[Black "fishbein"]
[Result "0-1"]
[ICCResult "White resigns"]
[WhiteElo "1732"]
[BlackElo "2615"]
[Opening "King's Indian, 3.Nf3"]
[ECO "E61"]
[NIC "QP.06"]
[Time "14:39:56"]
[TimeControl "180+0"]

1. Nf3 Nf6 2. d4 g6 3. c4 Bg7 4. Nc3 O-O 5. Bg5 d6 6. e3 Bf5 7. Bd3 Bxd3 8.
Qxd3 Nbd7 9. O-O-O c5 10. h3 cxd4 11. exd4 Rc8 12. h4 Qa5 13. h5 Qa6 14.
hxg6 hxg6 15. b3 b5 16. cxb5 Qxa2 17. Qc2 Qxc2+ 18. Kxc2 Nd5 19. Bd2 N7b6
20. Kb2 Nxc3 21. Bxc3 Nd5 22. Bd2 Rb8 23. Ra1 Rxb5 24. Rxa7 Rfb8 25. Ra3 e5
26. dxe5 dxe5 27. Ng5 e4+ 28. Kc2 e3 29. fxe3 Rc8+ 30. Kd1 Nf6 31. Nf3 Ne4
32. Nd4 Bxd4 33. Ke2 Nxd2 34. Ra8 Rxa8 35. Rh8+ {White resigns} 0-1

[Event "ICCopen2017"]
[Site "Internet Chess Club"]
[Date "2017.03.25"]
[Round "4"]
[White "sacov"]
[Black "aplusk"]
[Result "0-1"]
[ICCResult "White resigns"]
[WhiteElo "2140"]
[BlackElo "2790"]
[Opening "Queen's pawn game"]
[ECO "D02"]
[NIC "QP.08"]
[Time "14:39:15"]
[TimeControl "180+0"]

1. d4 d5 2. Nf3 Bf5 3. c4 e6 4. Nc3 Nc6 5. Bf4 Nf6 6. e3 Be7 7. Be2 O-O 8.
O-O Nh5 9. Bg3 Nxg3 10. hxg3 a6 11. a3 Na5 12. c5 b5 13. Ne5 f6 14. Nd3 Bxd3
15. Bxd3 f5 16. g4 f4 17. b3 Bg5 18. e4 c6 19. e5 f3 20. gxf3 Bh6 21. Rb1
Qg5 22. Kg2 Rf7 23. Rh1 Raf8 24. Rh3 Rf4 25. Ne2 R4f7 26. Rh5 Qe7 27. g5
Rxf3 28. gxh6 Rxf2+ 29. Kg1 Qf7 30. Rh3 g6 31. Ng3 Qf4 32. Bf1 Rd2 33. Qe1
Qxd4+ 34. Kh1 Rff2 35. Nh5 gxh5 36. Rg3+ Kh8 37. Rh3 Qg4 38. Qe3 Rxf1+
{White resigns}
0-1

[Event "ICCopen2017"]
[Site "Internet Chess Club"]
[Date "2017.03.25"]
[Round "4"]
[White "Irenaeus"]
[Black "pehuensur"]
[Result "1-0"]
[ICCResult "Black checkmated"]
[WhiteElo "1717"]
[BlackElo "1459"]
[Opening "Ruy Lopez: Caro variation"]
[ECO "C70"]
[NIC "RL.09"]
[Time "14:39:21"]
[TimeControl "180+0"]

1. e4 e5 2. Nf3 Nc6 3. Bb5 a6 4. Ba4 b5 5. Bb3 Be7 6. O-O Nf6 7. d4 d6 8.
Nc3 Nxd4 9. Nxd4 exd4 10. Nd5 O-O 11. Nxe7+ Qxe7 12. Bg5 c5 13. Bd5 Rb8 14.
Qf3 h6 15. Bxf6 Qxf6 16. Qxf6 gxf6 17. a4 Be6 18. axb5 axb5 19. Ra6 Bxd5 20.
exd5 Rfd8 21. Rfa1 Rd7 22. Rc6 Rbb7 23. Raa6 Kg7 24. Rxd6 Rxd6 25. Rxd6 c4
26. Rc6 Rd7 27. Rc5 b4 28. Rxc4 Rxd5 29. Rxb4 d3 30. cxd3 Rxd3 31. g3 Kg6
32. Kg2 Kf5 33. h4 Ke6 34. Rb6+ Kf5 35. Rb7 Rd2 36. b4 Rb2 37. b5 Ke6 38. b6
Kf5 39. Rb8 Kg6 40. b7 Kh7 41. Kf3 Rb4 42. Ke3 f5 43. Kd3 f6 44. Kc3 Rb6 45.
Kc4 Kg7 46. Kc5 Rb3 47. Kc6 Rb2 48. Rd8 Rc2+ 49. Kb6 Rb2+ 50. Kc7 Rc2+ 51.
Kb8 Kg6 52. Rd7 Kh5 53. Rc7 Rb2 54. Kc8 Rd2 55. b8=Q Re2 56. Qb3 Re4 57.
Qd1+ Kg6 58. h5+ Kg5 59. Rg7# {Black checkmated} 1-0

[Event "ICCopen2017"]
[Site "Internet Chess Club"]
[Date "2017.03.25"]
[Round "4"]
[White "nr3"]
[Black "Rari"]
[Result "0-1"]
[ICCResult "White forfeits on time"]
[WhiteElo "1637"]
[BlackElo "1704"]
[Opening "Sicilian defense"]
[ECO "B32"]
[NIC "SI.32"]
[Time "14:39:40"]
[TimeControl "180+0"]

1. e4 c5 2. Nf3 Nc6 3. d4 cxd4 4. Nxd4 Qb6 5. Nxc6 bxc6 6. Bd3 g6 7. O-O Bg7
8. c3 d6 9. Qc2 Nf6 10. Be3 Qc7 11. f4 O-O 12. Kh1 e5 13. f5 gxf5 14. exf5
d5 15. Bg5 Rb8 16. Nd2 e4 17. Be2 Kh8 18. Nb3 c5 19. Rac1 a5 20. a4 Qb6 21.
Bb5 Ba6 22. Bxa6 Qxb3 23. Qxb3 Rxb3 24. Rc2 d4 25. cxd4 cxd4 26. Bc4 Rb4 27.
Bb5 d3 28. Rc6 Ng4 29. f6 Bh6 30. Bxh6 Nxh6 31. h3 Ng8 32. g4 Rd4 33. h4 e3
34. Bxd3 Rxd3 35. Rcc1 Rd4 36. Rf3 Re8 37. Re1 e2 38. Rf2 Rd1 39. Rxe2 Rxe1+
40. Rxe1 Rxe1+ 41. Kg2 Re2+ 42. Kf3 Rxb2 43. Kf4 Rb4+ 44. Kf5 Rxa4 45. g5
Rxh4 46. g6 hxg6+ 47. Kg5 Rh5+ 48. Kg4 Nxf6+ 49. Kg3 a4 {White forfeits on
time} 0-1

[Event "ICCopen2017"]
[Site "Internet Chess Club"]
[Date "2017.03.25"]
[Round "4"]
[White "eltigrecu"]
[Black "padrino"]
[Result "0-1"]
[ICCResult "White forfeits on time"]
[WhiteElo "1891"]
[BlackElo "2690"]
[Opening "Trompowsky attack (Ruth, Opocenský opening)"]
[ECO "A45"]
[NIC "QP.07"]
[Time "14:38:48"]
[TimeControl "180+0"]

1. d4 Nf6 2. Bg5 c5 3. Bxf6 gxf6 4. d5 f5 5. c4 Bg7 6. Qc2 d6 7. Nc3 O-O 8.
e3 e6 9. Bd3 Nd7 10. Nf3 Nf6 11. O-O a6 12. Rad1 Qe7 13. dxe6 fxe6 14. e4
fxe4 15. Nxe4 Nxe4 16. Bxe4 Bf6 17. Rfe1 Rb8 18. Qd3 Rd8 19. b3 b5 20. cxb5
axb5 21. Bc6 b4 22. Bd5 Qf7 23. Bc4 d5 24. Ne5 Bxe5 25. Rxe5 Qg7 26. Qe3 h6
27. Bd3 Rf8 28. Rh5 Rb7 29. Rxh6 Qc3 30. Rg6+ Rg7 31. Rxg7+ Qxg7 32. Qg3
Qxg3 33. hxg3 e5 34. Be2 Be6 35. Re1 e4 36. f3 e3 37. f4 d4 38. Bc4 Bxc4 39.
bxc4 Ra8 40. Kf1 Rxa2 41. Re2 Rxe2 42. Kxe2 Kf7 43. Kd3 b3 44. g4 b2 45. Kc2
e2 46. Kxb2 e1=Q 47. Kb3 Qb4+ 48. Kc2 Qxc4+ 49. Kd2 d3 50. g5 Qc1+ 51. Kxd3
c4+ 52. Kd4 Qc3+ 53. Ke4 Qd3+ 54. Ke5 c3 {White forfeits on time} 0-1

[Event "ICCopen2017"]
[Site "Internet Chess Club"]
[Date "2017.03.25"]
[Round "4"]
[White "Baerenstarker"]
[Black "Cantalarrana"]
[Result "1-0"]
[ICCResult "Black forfeits on time"]
[WhiteElo "1864"]
[BlackElo "1523"]
[Opening "QGD: Chigorin defense"]
[ECO "D07"]
[NIC "QP.08"]
[Time "14:39:13"]
[TimeControl "180+0"]

1. d4 d5 2. c4 Nc6 3. Nc3 Nf6 4. Bg5 Ne4 5. Nxe4 dxe4 6. e3 Qd6 7. c5 Qg6 8.
Bf4 e5 9. Bg3 exd4 10. exd4 Be7 11. Ne2 O-O 12. Nf4 Qg4 13. Qxg4 Bxg4 14. h3
Be6 15. d5 Nb4 16. dxe6 Nc2+ 17. Kd2 Nxa1 18. exf7+ Rxf7 19. Bc4 Bxc5 20.
Rxa1 Rd8+ 21. Ke2 Kf8 22. Ne6+ Ke7 23. Nxc5 Rf5 24. Bh4+ g5 25. Nxb7 Rd4 26.
g4 gxh4 27. gxf5 Rxc4 28. Kd2 Rb4 29. Nc5 Rxb2+ 30. Ke3 Rb5 31. Nxe4 Rxf5
32. Rc1 {Black forfeits on time} 1-0

[Event "ICCopen2017"]
[Site "Internet Chess Club"]
[Date "2017.03.25"]
[Round "4"]
[White "Rammstein"]
[Black "primerpaso"]
[Result "1-0"]
[ICCResult "Black forfeits on time"]
[WhiteElo "2074"]
[BlackElo "1565"]
[Opening "Queen's pawn: London system"]
[ECO "A45"]
[NIC "QP.07"]
[Time "14:39:53"]
[TimeControl "180+0"]

1. d4 Nf6 2. Bf4 d5 3. e3 c6 4. c3 g6 5. h3 Nbd7 6. Nd2 Bg7 7. Ngf3 O-O 8.
Bd3 Re8 9. Bh2 h6 10. O-O Nh7 11. Ne5 Nxe5 12. dxe5 Bf5 13. Be2 Ng5 14. Nb3
b6 15. Nd4 c5 16. Nxf5 gxf5 17. Bb5 Rf8 18. Bc6 Rc8 19. Bxd5 e6 20. Bb7 Rc7
21. Ba6 Rd7 22. Qh5 Rd2 23. Rab1 Qd5 24. h4 Nh7 25. a4 Rd8 26. Bf4 Bxe5 27.
Qxh6 Bxf4 28. Qxf4 Kh8 29. Bc4 Qd7 30. Qe5+ f6 31. Qxe6 Qxe6 32. Bxe6
{Black forfeits on time}
1-0